 Dungeon Crawl Stone Soup version 0.23.2-1-ga50397a (webtiles) character file.

Game seed: 10429367753041231555

31582 esteth the Martial Artist (level 13, 0/99 HPs)
             Began as an Octopode Transmuter on Apr 18, 2019.
             Was a Priest of Elyvilon.
             Slain by a blink frog (19 damage)
             ... summoned by a boggart
             ... on level 6 of the Lair of Beasts on Apr 19, 2019.
             The game lasted 01:29:00 (27267 turns).

esteth the Martial Artist (Octopode Transmuter)    Turns: 27267, Time: 01:29:00

Health: 0/99       AC: 12    Str:  9    XL:     13   Next: 59%
Magic:  23/27      EV: 10    Int: 20    God:    Elyvilon [***...]
Gold:   1061       SH:  0    Dex: 13    Spells: 15/32 levels left

rFire    + . .     SeeInvis +     - Unarmed
rCold    + + +     Gourm    +   (shield currently unavailable)
rNeg     . . .     Faith    .   (helmet currently unavailable)
rPois    +         Spirit   .   G - amulet of the gourmand
rElec    .         Reflect  .   k - ring of see invisible
rCorr    +         Harm     .   l - ring of resist corrosion
MR       +....                  s - ring of protection from fire
Stlth    +.........             d - +5 ring of protection
HPRegen  0.26/turn              w - ring of protection from magic
MPRegen  0.20/turn              m - ring of protection from fire
                                (no ring)
                                (no ring)

@: ice-form
A: large, almost no armour, stealthy swim, amphibious, 8 rings, (constrict 8)
a: End Transformation, Lesser Healing, Heal Other, Purification, Divine
Protection, Renounce Religion


You were on level 6 of the Lair of Beasts.
You worshipped Elyvilon.
Elyvilon was most pleased with you.
You were not hungry.
You were a creature of crystalline ice.
You visited 2 branches of the dungeon, and saw 17 of its levels.

You collected 1061 gold pieces.

Inventory:

Hand Weapons
 f - a +4 flail of crushing
 A - the +6 flail of an ice cave {crush, rC+ SInv, unknown}
   (You found it on level 10 of the Dungeon)

   It inflicts extra damage upon your enemies.
   It protects you from cold.
   It lets you see invisible.
 H - the +7 great sword of Tender Mercy {slice, rC- Int+2 Dex+4}
   (You found it on level 3 of the Lair of Beasts)

   It inflicts extra damage upon your enemies.
   It affects your intelligence (+2).
   It affects your dexterity (+4).
   It makes you vulnerable to cold.
Armour
 t - a +0 buckler (melded)
Jewellery
 d - a +5 ring of protection (on tentacle)
 k - a ring of see invisible (left front paw)
 l - a ring of resist corrosion (right front paw)
 m - a ring of protection from fire (on tentacle)
 q - an uncursed amulet of rage
 s - a ring of protection from fire (on tentacle)
 w - a ring of protection from magic (on tentacle)
 G - an amulet of the gourmand (around neck)
 I - a +5 amulet of reflection {unknown}
 J - an uncursed ring of ice
Wands
 u - a wand of polymorph (17)
 y - a wand of flame (33)
 z - a wand of scattershot (10)
 D - a wand of acid (21)
 F - a wand of paralysis (12)
 L - a wand of digging (5)
Scrolls
 b - a scroll of teleportation
 g - 5 scrolls of remove curse
 B - a scroll of fear
 C - 2 scrolls of amnesia
 K - a scroll of fog
 N - a scroll of noise {unknown}
 P - a scroll of identify
Potions
 e - 2 potions of flight
 h - 2 potions of brilliance
 n - a potion of haste
 o - 4 potions of agility
 p - a potion of berserk rage
 r - 2 potions of cancellation {unknown}
 v - 2 potions of lignification
 x - a potion of ambrosia
 E - 2 potions of curing
 O - a potion of degeneration {unknown}
Miscellaneous
 j - a fan of gales
Comestibles
 c - 26 rations


   Skills:
 - Level 5.9 Fighting
 - Level 2.6 Dodging
 - Level 4.5 Shields
 - Level 13.2 Unarmed Combat
 - Level 10.2 Spellcasting
 - Level 4.5 Charms
 - Level 4.5 Translocations
 - Level 7.8 Transmutations
 - Level 4.0 Ice Magic
 - Level 2.1 Poison Magic
 + Level 7.9 Invocations


You had 15 spell levels left.
You knew the following spells:

 Your Spells              Type           Power        Failure   Level  Hunger
a - Beastly Appendage     Tmut           #####.       1%          1    None
b - Sticks to Snakes      Tmut           #####...     1%          2    None
c - Spider Form           Tmut/Pois      ####......   2%          3    None
d - Ice Form              Ice/Tmut       ####....     6%          4    ##.....
e - Blade Hands           Tmut           #####.....   8%          5    ####...
f - Shroud of Golubria    Chrm/Tloc      ####......   1%          2    None

Your spell library contained the following spells:

 Spells                   Type           Power        Failure   Level  Hunger
 Apportation              Tloc           ####..       1%          1    None
 Infusion                 Chrm           ####         1%          1    None
 Song of Slaying          Chrm           ####....     1%          2    None
 Swiftness                Chrm/Air       ###.....     4%          2    None
 Animate Skeleton         Necr           N/A          7%          1    None
 Confusing Touch          Hex            ##....       7%          1    None
 Flame Tongue             Conj/Fire      ##...        7%          1    None
 Shock                    Conj/Air       ##..         7%          1    None
 Summon Small Mammal      Summ           ##..         7%          1    None
 Regeneration             Chrm/Necr      ###.......   8%          3    None
 Spectral Weapon          Hex/Chrm       ###.....     8%          3    None
 Call Imp                 Summ           ##......     11%         2    None
 Throw Flame              Conj/Fire      ##....       11%         2    None
 Call Canine Familiar     Summ           ##......     21%         3    None
 Conjure Flame            Conj/Fire      ##......     21%         3    None
 Inner Flame              Hex/Fire       ##......     21%         3    None
 Static Discharge         Conj/Air       ##......     21%         3    None
 Summon Guardian Golem    Hex/Summ       ##......     21%         3    None
 Summon Ice Beast         Ice/Summ       ###.....     28%         4    ##.....
 Airstrike                Air            ##........   56%         4    ##.....
 Sticky Flame             Conj/Fire      ##......     56%         4    ##.....
 Summon Lightning Spire   Summ/Air       ##......     56%         4    ##.....
 Fireball                 Conj/Fire      ##........   88%         5    ####...
 Lightning Bolt           Conj/Air       ##........   88%         5    ####...


Dungeon Overview and Level Annotations

Branches:
Dungeon (11/15)            Temple (0/1) D:4            Lair (6/6) D:10
  Swamp (0/4) Lair:4        Snake (0/4) Lair:3        Slime (0/5) Lair:5
    Orc: D:9-12

Altars:
Ashenzari
Elyvilon
Fedhas
Hepliaklqana
Nemelex Xobeh
Okawaru
Trog
Uskayaw
Jiyva

Annotations:
D:5 2 transporters
D:6 Grinder
D:10 3 exclusions
Lair:2 Harold
Lair:5 exclusion: oklob plant


Innate Abilities, Weirdness & Mutations

You cannot wear most types of armour.
You are very stealthy in the water. (Stealth+)
You are amphibious.
You can wear up to eight rings at the same time.
((You can use your tentacles to constrict eight enemies at once.))
((Your skin changes colour to match your surroundings (Stealth+).))
((Your rubbery body absorbs attacks. (AC +1, EV +1)))


Message History

The lindwurm is almost dead.
The lindwurm bites you!
Your shroud falls apart!
The lindwurm closely misses you. The lindwurm claws you!
The blink frog hits you but does no damage.
The blink frog hits you.
You hit the lindwurm but do no damage.
The lindwurm is almost dead.
The blink frog blinks!
The blink frog hits you!
The blink frog blinks! x2
The lindwurm bites you but does no damage.
The lindwurm claws you but does no damage.
The lindwurm claws you.
The blink frog blinks!
Okay, then.
You pummel the lindwurm!! You freeze the lindwurm.
You kill the lindwurm!
The lindwurm's corpse dissolves into shadows!
The blink frog hits you!
* * * LOW HITPOINT WARNING * * *
The blink frog hits you!!
You die...

♣♣.. ... ..♣ ♣..♣
##♣♣♣ ♣♣...♣
.....♣♣♣♣ ♣...♣
........♣♣♣..♣♣
#...l.Fg.....♣♣
.#.#YF.F....♣♣ #
###§.)..#.# #.###
##......#
P.#...P##......##
....PP......)......#
#...P...#..)...#F.##
##....P.P..##...####
#...........#...##
.................##


You could see a komodo dragon, 3 blink frogs and a boggart.

Vanquished Creatures
  3 hydras
  2 two-headed ogres
  15 elephants
  A centaur zombie (D:11)
  A black mamba (Lair:5)
  A torpor snail (Lair:4)
  A gargoyle (D:10)
  15 spiny frogs
  3 rime drakes
  2 komodo dragons
  3 hornets
  13 dream sheep
  4 blink frogs (Lair:2)
  5 hippogriffs
  3 spriggans (Lair:6)
  2 wyverns
  22 yaks
  2 hungry ghosts
  2 basilisks
  3 vampire mosquitoes (Lair:4)
  A soldier ant (D:11)
  5 water moccasins
  5 porcupines
  3 orc warriors
  4 sky beasts
  A black bear (D:8)
  4 phantoms
  3 ice beasts
  7 wolves (Lair:6)
  4 centaurs
  4 ogres
  A necrophage (D:11)
  8 crocodiles
  A big kobold (D:8)
  12 bullfrogs
  4 scorpions
  4 jellies
  4 killer bees (D:11)
  3 howler monkeys (D:9)
  3 crimson imps
  3 hounds
  8 orc priests
  A bullfrog skeleton (D:7)
  A centaur skeleton (D:10)
  3 iguanas
  7 orc wizards
  10 worker ants
  2 killer bee zombies (D:9)
  A hound zombie (D:9)
  11 adders
  A shadow imp (D:7)
  2 adder zombies
  2 dart slugs
  4 worms
  5 leopard geckos
  37 orcs
  2 ball pythons (D:1)
  5 giant cockroaches
  8 goblins
  9 hobgoblins
  8 jackals
  9 kobolds
  7 quokkas
  9 bats
  8 frilled lizards
  A jackal zombie (D:5)
  A leopard gecko skeleton (D:8)
  9 rats
358 creatures vanquished.

Vanquished Creatures (collateral kills)
  A manticore (D:11)
  4 dream sheep
  2 spriggans
  2 vampire mosquitoes (Lair:4)
  A water moccasin (D:8)
  An orc warrior (D:7)
  A black bear (D:8)
  An ogre (D:4)
  2 wolves (Lair:6)
  A bullfrog zombie (D:11)
  An orc wizard (D:8)
  Terence (D:3)
  An adder (D:2)
  A worm (D:3)
  A dart slug (D:2)
  2 orcs (D:5)
  A frilled lizard (D:2)
24 creatures vanquished.

Vanquished Creatures (others)
  12 fungi
  14 plants
26 creatures vanquished.

Grand Total: 408 creatures vanquished

Notes
Turn   | Place    | Note
-------+----------+-------------------------------------------
     0 | D:1      | esteth the Octopode Transmuter began the quest for the Orb.
     0 | D:1      | Reached XP level 1. HP: 13/13 MP: 3/3
    78 | D:1      | Reached XP level 2. HP: 1/18 MP: 3/5
   356 | D:1      | Learned a level 2 spell: Sticks to Snakes
  1084 | D:1      | Reached XP level 3. HP: 22/23 MP: 4/6
  1563 | D:2      | Learned a level 3 spell: Spider Form
  1606 | D:2      | Found an iron altar of Okawaru.
  1688 | D:2      | Reached XP level 4. HP: 14/28 MP: 4/8
  2641 | D:3      | Reached skill level 4 in Unarmed Combat
  2700 | D:3      | Found a hide-covered altar of Uskayaw.
  2703 | D:3      | Noticed a +0 hand axe
  2703 | D:3      | Noticed a -2 hand axe
  2730 | D:3      | Reached skill level 1 in Poison Magic
  2762 | D:3      | Reached XP level 5. HP: 26/33 MP: 9/9
  3201 | D:3      | Found a white marble altar of Elyvilon.
  3205 | D:3      | Noticed Terence
  3262 | D:4      | Reached skill level 5 in Unarmed Combat
  3461 | D:3      | Killed Terence
  3461 | D:3      | Reached XP level 6. HP: 8/38 MP: 0/10
  3732 | D:3      | Became a worshipper of Elyvilon the Healer
  4029 | D:4      | Learned a level 4 spell: Ice Form
  4704 | D:4      | Reached * piety under Elyvilon
  4910 | D:4      | Reached XP level 7. HP: 33/45 MP: 7/11
  5011 | D:4      | Found a staircase to the Ecumenical Temple.
  5332 | D:4      | Reached skill level 1 in Ice Magic
  5590 | D:5      | Entered Level 5 of the Dungeon
  5840 | D:5      | Found a hazy altar of Hepliaklqana.
  5851 | D:5      | Found a transporter.
  5861 | D:5      | Found a transporter.
  5861 | D:5      | Noticed a vampire
  6079 | D:5      | Reached ** piety under Elyvilon
  7462 | D:6      | Found a shattered altar of Ashenzari.
  7615 | D:6      | Reached skill level 5 in Spellcasting
  7615 | D:6      | Reached XP level 8. HP: 30/52 MP: 9/15
  8041 | D:6      | Noticed Grinder
  8046 | D:6      | Reached *** piety under Elyvilon
  8446 | D:6      | Reached skill level 5 in Transmutations
  8562 | D:6      | Found a blossoming altar of Fedhas.
  8988 | D:7      | Reached skill level 1 in Shields
  9010 | D:7      | Noticed a hippogriff
  9185 | D:7      | Killed a hippogriff
  9185 | D:7      | Reached XP level 9. HP: 24/58 MP: 4/16
  9452 | D:7      | Reached skill level 6 in Unarmed Combat
  9781 | D:7      | Found a sparkling altar of Nemelex Xobeh.
 10396 | D:8      | Reached **** piety under Elyvilon
 10630 | D:8      | Noticed a two-headed ogre
 10658 | D:8      | Killed a two-headed ogre
 10658 | D:8      | Reached skill level 5 in Fighting
 10658 | D:8      | Reached skill level 7 in Unarmed Combat
 10853 | D:8      | Found a bloodstained altar of Trog.
 10915 | D:8      | Reached skill level 1 in Invocations
 11250 | D:8      | Reached XP level 10. HP: 67/68 MP: 17/17
 11365 | D:8      | Learned a level 5 spell: Blade Hands
 14134 | D:10     | Entered Level 10 of the Dungeon
 14255 | D:10     | Noticed a gargoyle
 14264 | D:10     | Reached skill level 8 in Unarmed Combat
 14287 | D:10     | Killed a gargoyle
 14299 | D:10     | Got a scorched flail
 14535 | D:10     | Reached XP level 11. HP: 72/72 MP: 22/22
 14536 | D:10     | Found a staircase to the Lair.
 14921 | D:10     | Noticed a tengu reaver
 16149 | D:11     | Reached skill level 9 in Unarmed Combat
 16652 | D:11     | Noticed a manticore
 16667 | D:11     | Killed a manticore
 16727 | D:11     | Noticed a two-headed ogre
 16752 | D:11     | Killed a two-headed ogre
 17005 | D:11     | Noticed a red ugly thing
 17073 | D:11     | Noticed a cyclops
 17215 | Lair:1   | Entered Level 1 of the Lair of Beasts
 17585 | Lair:1   | You fall through a shaft!
 17585 | Lair:2   | Reached ***** piety under Elyvilon
 18091 | Lair:1   | Reached skill level 10 in Spellcasting
 19411 | Lair:2   | Noticed Harold
 19538 | Lair:2   | Learned a level 2 spell: Shroud of Golubria
 19890 | Lair:3   | Reached skill level 1 in Charms
 19890 | Lair:3   | Reached skill level 1 in Translocations
 19890 | Lair:3   | Reached XP level 12. HP: 70/78 MP: 20/26
 20188 | Lair:3   | Reached ****** piety under Elyvilon
 20208 | Lair:3   | Noticed a four-headed hydra
 20222 | Lair:3   | Killed a four-headed hydra
 20816 | Lair:3   | Got a crude great sword
 21182 | Lair:3   | Found a staircase to the Snake Pit.
 21406 | Lair:4   | Noticed a six-headed hydra
 21426 | Lair:4   | Killed a six-headed hydra
 21426 | Lair:4   | Reached skill level 10 in Unarmed Combat
 22027 | Lair:4   | Found a staircase to the Swamp.
 22046 | Lair:4   | HP: 1/93 [vampire mosquito (8)]
 22468 | Lair:4   | Identified the +7 great sword of Tender Mercy {slice, rC-
                  | Int+2 Dex+4} (You found it on level 3 of the Lair of
                  | Beasts)
 22772 | Lair:4   | Reached skill level 11 in Unarmed Combat
 23402 | Lair:4   | Reached skill level 12 in Unarmed Combat
 24363 | Lair:5   | Reached XP level 13. HP: 83/83 MP: 21/27
 24461 | Lair:5   | Reached skill level 13 in Unarmed Combat
 24963 | Lair:5   | Found a staircase to the Slime Pits.
 24965 | Lair:5   | Found a viscous altar of Jiyva.
 25442 | Lair:6   | Entered Level 6 of the Lair of Beasts
 25516 | Lair:6   | Reached skill level 5 in Invocations
 25535 | Lair:6   | HP: 2/83 [spiny frog (16)]
 25671 | Lair:6   | Elyvilon protects you from harm!
 25671 | Lair:6   | Elyvilon protects you from harm!
 25671 | Lair:6   | HP: 4/99 [eight-headed hydra (2)]
 25671 | Lair:6   | Elyvilon protects you from harm!
 25675 | Lair:6   | Elyvilon protects you from harm!
 25676 | Lair:6   | Elyvilon protects you from harm!
 25677 | Lair:6   | HP: 4/99 [eight-headed hydra (5)]
 25677 | Lair:6   | Elyvilon protects you from harm!
 25677 | Lair:6   | Elyvilon protects you from harm!
 25677 | Lair:6   | Elyvilon protects you from harm!
 26021 | Lair:5   | HP: 2/99 [spriggan/+0 short sword (16)]
 26956 | Lair:6   | HP: 4/99 [hornet (10)]
 27267 | Lair:6   | Slain by a blink frog

Skill      XL: |  1  2  3  4  5  6  7  8  9 10 11 12 13 |
---------------+----------------------------------------+-----
Transmutations | 3 4 5 7 |  7.8
Spellcasting   | 3 5 7 10 | 10.2
Unarmed Combat | 4 5 7 8 9 12 13 | 13.2
Poison Magic   | 1 2 |  2.1
Fighting       | 2 3 4 5 |  5.9
Ice Magic      | 2 4 |  4.0
Shields        | 2 4 |  4.5
Invocations    | 3 7 |  7.9
Charms         | 1 4 |  4.5
Translocations | 1 4 |  4.5
Dodging        | |  2.6

Action                   |  1- 3 |  4- 6 |  7- 9 | 10-12 | 13-15 || total
-------------------------+-------+-------+-------+-------+-------++-------
Melee: Unarmed           |    90 |   126 |   287 |   745 |   176 ||  1424
       Constrict         |    24 |    32 |    21 |    47 |    10 ||   134
       Tentacles         |    14 |    16 |    19 |    81 |    11 ||   141
       Kick              |     9 |    21 |     5 |     2 |       ||    37
       Punch             |     3 |     5 |     4 |    22 |     4 ||    38
 Cast: Beastly Appendage |     9 |    19 |     9 |     1 |     1 ||    39
       Sticks to Snakes  |     2 |     9 |    32 |    49 |    16 ||   108
       Spider Form       |       |     3 |    24 |    19 |       ||    46
       Ice Form          |       |       |       |    27 |    14 ||    41
       Blade Hands       |       |       |       |     6 |     6 ||    12
       Shroud of Golubri |       |       |       |    12 |    10 ||    22
Invok: Greater Healing   |       |       |       |    12 |    11 ||    23
       Lesser Healing    |       |       |       |     3 |       ||     3
       Divine Protection |       |       |       |       |     1 ||     1
  Use: Scroll            |     3 |     4 |     8 |    14 |     4 ||    33
       Potion            |       |     3 |     2 |     8 |     2 ||    15
 Stab: Sleeping          |    10 |     5 |     5 |     6 |     1 ||    27
       Distracted        |       |       |     1 |     3 |     1 ||     5
  Eat: Chunk             |     2 |    11 |    16 |    52 |    12 ||    93
       Ration            |       |       |     2 |     3 |       ||     5
Armor: Skin              |    10 |     4 |    17 |   166 |    69 ||   266
Dodge: Dodged            |    47 |    79 |   211 |   518 |    99 ||   954
Block: Buckler           |       |       |    10 |    59 |     8 ||    77
